[Event "Prague Festival Masters 2024"]
[Site "Prague"]
[Date "2024.02.29"]
[Round "3.2"]
[White "Bartel, Mateusz"]
[Black "Nguyen, Thai Dai Van"]
[Result "0-1"]
[ECO "C50"]
[WhiteElo "2657"]
[BlackElo "2632"]
[Annotator "RC"]
[PlyCount "164"]
[EventDate "2024.02.22"]
[EventType "tourn"]
[EventCountry "CZE"]
[SourceTitle "playchess.com"]
[Source "ChessBase"]
[SourceQuality "1"]
[TimeControl "40/5400+30:1800+30"]

1. e4 e5 2. Nf3 Nc6 3. Bc4 Bc5 4. d3 d6 5. a4 Nf6 6. a5 a6 7. c3 h6 8. O-O O-O 9. h3 Ba7 10. Be3 d5 11. exd5 Nxd5 12. Bxa7 Rxa7 13. Re1 Nf4 14. d4 exd4 15. cxd4 Be6 16. Bf1 Qd6 17. Nc3 Rd8 18. Ne4 Qf8 19. Qc1 Ng6 20. Ra3 Bd5 21. h4 Raa8 22. h5 Nge7 23. Ng3 Rd6 24. Ne4 Re6 25. Ne5 Nxe5 26. dxe5 Rxe5 27. Qf4 Re6 28. Rae3 Bxe4 29. Rxe4 Nd5 30. Qf3 Rxe4 31. Rxe4 c6 32. Qb3 Rb8 33. Bc4 Qd8 34. Rg4 Qc7 35. Bxd5 cxd5 36. Qe3 Qd6 37. Qd4 f6 38. Qd2 Re8 39. g3 Qe6 40. Rd4 Qe1+ 41. Qxe1 Rxe1+ 42. Kg2 Re5 43. Rb4 d4 44. Rxb7 Rd5 45. Kf1 d3 46. Ke1 Rxa5 47. Rb6 Rxh5 48. Rxa6 Rb5 49. Ra3 Re5+ 50. Kd1 Re2 51. b4 Rxf2 52. Rb3 Kf7 53. b5 Rc2 54. Rxd3 Rb2 55. Rd7+ Kg6 56. Rd5 f5 57. Kc1 Rb3 58. Kc2 Rxg3 59. b6 Re3 60. b7 Re8 61. Rb5 Rb8 62. Kd3 Kg5 63. Ke3 Kg4 64. Rb1 g5 65. Rg1+ Kh5 66. Rb1 Kg4 67. Rg1+ Kh3 68. Rb1 Kg3 69. Rg1+ Kh2 70. Rb1 Kg2 71. Rb2+ Kg3 72. Ke2 f4 73. Kf1 f3 74. Kg1 g4 75. Rg2+ Kf4 76. Rb2 Kg3 77. Rg2+ Kf4 78. Rb2 g3 79. Rb4+ Kg5 80. Rb5+ Kg4 81. Rb4+ Kh3 82. Rb6 h5 0-1

[Event "Prague Festival Masters 2024"]
[Site "Prague"]
[Date "2024.02.29"]
[Round "3.3"]
[White "Abdusattorov, Nodirbek"]
[Black "Navara, David"]
[Result "1-0"]
[ECO "C54"]
[WhiteElo "2727"]
[BlackElo "2679"]
[Annotator "TA"]
[PlyCount "71"]
[EventDate "2024.02.22"]
[EventType "tourn"]
[EventCountry "CZE"]
[SourceTitle "playchess.com"]
[Source "ChessBase"]
[SourceQuality "1"]
[TimeControl "40/5400+30:1800+30"]

1. e4 e5 2. Nf3 Nc6 3. Bc4 Bc5 4. c3 Nf6 5. d3 d6 6. b4 Bb6 7. a4 a5 8. b5 Ne7 9. Nbd2 O-O 10. O-O Ng6 11. d4 {[%emt 0:00:55] C54: Giuoco Piano: 4 c3 Nf6, main lines with 5 d4 and 5 d3.} exd4 12. cxd4 d5 13. exd5 Nxd5 14. Qb3 c6 $146 ({Predecessor:} 14... Be6 15. Ne4 Ndf4 16. Nc5 Ne2+ 17. Kh1 Nxd4 18. Nxd4 Qxd4 19. Nxe6 fxe6 20. Be3 Qh4 21. Bxe6+ {1-0 Keller,T (2316)-Welzel,P (2166) NRW Class1 1617 2016 (7)}) 15. Re1 Nb4 16. Ne4 cxb5 17. axb5 Bf5 18. Nfg5 Qd7 (18... Nh8 $16) 19. Ba3 (19. Nxf7 $1 $18 Rxf7 20. Ng5) 19... Rad8 (19... Rab8 $142) 20. Bxb4 $16 axb4 21. Nc5 $2 (21. Nxf7 $1 $16 Rxf7 22. Ng5) 21... Qc7 (21... Qxd4 $15 {keeps the upper hand.} 22. Bxf7+ (22. Nxf7 $2 Rc8 $17) 22... Kh8 23. Bxg6 Bxg6 (23... Qxc5 24. Nf7+ Rxf7 25. Bxf7 $14)) 22. Rac1 $1 $16 Nf4 (22... Rxd4 $2 23. Bxf7+ Kh8 (23... Rxf7 $2 24. Re8+ Nf8 25. Rxf8+ Kxf8 26. Nce6+ Bxe6 27. Nxe6+ Kg8 28. Nxc7 $18) 24. Bxg6 hxg6 25. Nce6 Bxe6 26. Qxe6 $18 (26. Nxe6 Qf7 $18)) 23. Bxf7+ (23. Qxb4 $6 Ba5 24. Nxf7 Rxd4 (24... Bxb4 25. Nxd8+ Kh8 26. Nf7+ Kg8 27. Ne5+ Kh8 28. Nf7+ Kg8 29. Ng5+ Kh8 30. Nf7+ $11) (24... Rxf7 $2 25. Bxf7+ Qxf7 26. Qxa5 $18) 25. Ne5+ Kh8 $11) 23... Kh8 (23... Rxf7 $2 24. Nd3 (24. Na4 $2 Ne2+ 25. Kf1 Nxc1 $19) 24... Qd7 25. Nxf4 $18) 24. Qf3 (24. Qxb4 Qd6 (24... Rxf7 $2 25. Nce6 $18) 25. Bb3 Qf6 26. Nf7+ Rxf7 27. Bxf7 Qxf7 $17) (24. g3 $1 $16 {And now Be6 would win.} Nh3+ 25. Nxh3 Bxh3 (25... Qxf7 26. Qxf7 Rxf7 27. Ng5 $16) 26. Bd5 (26. Be6 Rxd4 27. Bxh3 Bxc5 $11) 26... Bxc5 27. dxc5) 24... h6 $1 $11 (24... Rxd4 $2 25. Nce6 (25. Qxb7 $2 Qxb7 26. Nxb7 Nd3 $19) 25... Qe7 26. Nxf8 (26. Nxf4 $2 Qxg5 27. g3 Rd2 $19) 26... Qxg5 27. h4 Nh3+ 28. Qxh3 $18) 25. Nxb7 Ne2+ $1 26. Qxe2 (26. Kh1 $5 Nxd4 (26... Nxc1 27. Qxf5) 27. Rxc7 (27. Qxf5 Nxf5 28. Rxc7 Bxc7 $19) 27... Nxf3 28. Nxf3 Bxc7 29. Nxd8 Rxd8 30. Bb3 $11) 26... Qxb7 27. Rc6 (27. Qh5 $11 {was the only way to keep the balance.} Bxd4 28. Kh1 Bxf2 (28... Qxb5 29. Bc4 $16) 29. Re5) 27... Bxd4 $1 $17 (27... hxg5 28. Qh5+ Bh7 29. Bg6 Bxd4 30. Qxh7#) 28. Kh1 {[%emt 0:16:24] [#]} (28. Qh5 $17 Bh7 29. Ne6 Bxf2+ 30. Kxf2 Qxf7+ 31. Qxf7 Rxf7+ 32. Kg1) 28... Rxf7 $4 {[%emt 0:01:24][%mdl 8192] [#]} ({Weaker is} 28... hxg5 29. Qh5+ Bh7 30. Bg6 Bxf2 31. Qxh7#) (28... Bh7 $1 $19 {avoids the disaster.} 29. Qh5 (29. Nxh7 $2 Rxf7 30. Qc4 Bc3 $19) 29... Bxf2 (29... hxg5 30. Bg6 Bxf2 31. Qxh7#)) 29. Rd6 $1 $18 Rc8 30. Nxf7+ Qxf7 31. Rxd4 b3 32. b6 Rc2 33. Qf3 b2 34. b7 Qf8 35. Rdd1 Rc5 36. Qb3 (36. g4 $142 Rb5 37. gxf5) 1-0

[Event "Prague Festival Masters 2024"]
[Site "Prague"]
[Date "2024.02.29"]
[Round "3.4"]
[White "Gukesh D"]
[Black "Vidit, Santosh Gujrathi"]
[Result "1/2-1/2"]
[ECO "C48"]
[WhiteElo "2725"]
[BlackElo "2742"]
[Annotator "TA"]
[PlyCount "75"]
[EventDate "2024.02.22"]
[EventType "tourn"]
[EventCountry "CZE"]
[SourceTitle "playchess.com"]
[Source "ChessBase"]
[SourceQuality "1"]
[TimeControl "40/5400+30:1800+30"]

1. e4 e5 2. Nf3 Nc6 3. Bb5 Nf6 4. d3 Bc5 5. O-O d6 6. Nc3 O-O 7. Na4 Nd4 8. Nxc5 {[%emt 0:03:51] [#] Black must now prevent Nxd4.} Nxb5 9. a4 {[%emt 0:06:38] White is slightly better.} dxc5 10. axb5 Qd6 11. Nh4 Rd8 12. Qe2 Bg4 13. f3 Be6 14. b3 Qb6 15. Kh1 Qxb5 {[%emt 0:00:51] [#]} (15... Ne8 $11) 16. Bg5 $1 $16 a5 17. Qe3 a4 18. bxa4 Rxa4 19. Rxa4 ({Better is} 19. Rab1 $16 Rb4 20. Rbe1) 19... Qxa4 $11 20. Qxc5 Qc6 (20... Qd4 $11 21. Qxc7 Rc8) 21. Qxc6 $14 (21. Qxe5 Qxc2 22. Bxf6 Qxd3) 21... bxc6 22. f4 exf4 23. Bxf4 Rc8 24. Be3 Ra8 25. Nf3 Ra2 26. Rc1 Nd7 27. Bf4 c5 28. Bxc7 h6 29. Kg1 f5 30. Nd2 fxe4 31. Nxe4 c4 32. d4 Bf5 {[%emt 0:00:19] The position is equal.} 33. Nc3 Rxc2 34. Rxc2 Bxc2 35. Kf2 Kf7 36. Ke3 Nf6 37. d5 Be4 38. Nxe4 {[%emt 0:00:05] Weighted Error Value: White=0.09 (flawless) /Black=0.12 (very precise) .  Mistake:       	White=1     	Black=2      Inaccurate:     	White=2     	Black=1      OK:         	White=10    	Black=14     Best:        	White=4     	---        Strong:       	White=1     	---} 1/2-1/2

[Event "Prague Festival Masters 2024"]
[Site "Prague"]
[Date "2024.02.29"]
[Round "3.5"]
[White "Keymer, Vincent"]
[Black "Maghsoodloo, Parham"]
[Result "1/2-1/2"]
[ECO "A05"]
[WhiteElo "2743"]
[BlackElo "2740"]
[Annotator "TA"]
[PlyCount "66"]
[EventDate "2024.02.22"]
[EventType "tourn"]
[EventCountry "CZE"]
[SourceTitle "playchess.com"]
[Source "ChessBase"]
[SourceQuality "1"]
[TimeControl "40/5400+30:1800+30"]

1. Nf3 Nf6 2. g3 b5 3. Bg2 Bb7 4. O-O e6 5. b3 c5 6. c4 bxc4 7. bxc4 Nc6 8. Nc3 Rb8 9. Rb1 Ba8 10. Rxb8 Qxb8 11. d4 cxd4 12. Nxd4 Bb4 13. Nxc6 Bxc6 14. Bxc6 dxc6 {[%emt 0:03:21] [#]} 15. Qa4 O-O ({Black should try} 15... Bxc3 $11 16. Qxc6+ Ke7 17. Ba3+ Bb4) 16. Bf4 $36 {[%emt 0:00:48][%mdl 2048] Black is under pressure.} e5 {[%emt 0:02:03] [#]} 17. Bxe5 Qxe5 18. Qxb4 h5 19. Rd1 a5 20. Qb2 h4 21. Qd2 $1 (21. gxh4 $2 {too greedy.} Ng4 22. Kf1 Qxh2 $19) 21... Qh5 (21... Ng4 $14) 22. f3 $16 Re8 23. g4 Qc5+ 24. Qd4 Qg5 25. h3 (25. Kf2 {looks sharper.} Re6 26. Rd3 Qc1 27. Kg2) 25... c5 26. Qf2 Qe5 ({Better is} 26... Qf4) 27. Rd3 Qf4 28. Qxh4 Qxc4 29. Qf2 Qf4 30. Kg2 c4 {[%emt 0:03:27] [#]} (30... Qc4 $16 31. h4 Re5) 31. Rd4 $2 (31. Rd1 $1 $18) 31... Qc1 $1 $11 32. Ne4 {[%emt 0:04:52] [#]} (32. Rxc4 $11 Nd5 33. Re4 (33. Nxd5 $2 {loses.} Qxc4 34. e4 Rb8 $17) 33... Ne3+ 34. Kh2 Nf1+ 35. Kg2 Ne3+ 36. Kh2 Nf1+ 37. Kg2 Ne3+) 32... Nxe4 $2 (32... c3 $1 $17 {[%cal Rc3c2] ...c2 is the strong threat.} 33. Nd6 (33. Nxf6+ $2 gxf6 34. Rc4 Qd1 $19) 33... Rb8) 33. fxe4 Qb2 {[%emt 0:05:04] Weighted Error Value: White=0.23 (precise) /Black=0.18 (very precise) .  Missed win:     	White=1     	---        Mistake:       	White=2     	Black=5      Inaccurate:     	---       	Black=1      OK:         	White=14    	Black=8      Best:        	White=2     	Black=2      Strong:       	White=1     	Black=1} 1/2-1/2

[Event "Prague Festival Masters 2024"]
[Site "Prague"]
[Date "2024.03.01"]
[Round "4.1"]
[White "Vidit, Santosh Gujrathi"]
[Black "Bartel, Mateusz"]
[Result "1/2-1/2"]
[ECO "C45"]
[WhiteElo "2742"]
[BlackElo "2657"]
[Annotator "TA"]
[PlyCount "81"]
[EventDate "2024.02.22"]
[EventType "tourn"]
[EventCountry "CZE"]
[SourceTitle "playchess.com"]
[Source "ChessBase"]
[SourceQuality "1"]
[TimeControl "40/5400+30:1800+30"]

1. e4 e5 2. Nf3 Nc6 3. d4 exd4 4. Nxd4 Qf6 5. Nf3 Bb4+ 6. c3 Bc5 7. Be2 Nge7 8. O-O h6 9. Qc2 d6 10. b4 Bb6 11. Bb2 Qg6 12. Nbd2 O-O 13. Kh1 (13. a4 $14 a6 14. Nc4) 13... a6 14. a3 Qh5 15. Ng1 (15. Nc4 $14 {is more appropriate.}) 15... Qg6 $11 16. Ngf3 Qh5 17. c4 Bg4 18. Qc3 {[%emt 0:02:27][%csl Gb2][%cal Rc3g7] [#]} f6 19. Nb3 (19. Rae1 $5) 19... Ne5 20. c5 Ba7 21. Rae1 Rad8 22. Nfd4 {[%emt 0:03:10] [#] f3 would now be deadly.} dxc5 23. bxc5 {[%emt 0:00:06] Hoping for f3.} Bxe2 24. Rxe2 N7c6 {[%emt 0:00:41] aiming for ...Nxd4.} 25. f3 Qf7 {[%emt 0:00:58] Inhibits Ne6.} 26. f4 Nxd4 27. Nxd4 Nc4 28. f5 {[%emt 0:00:45] Strongly threatening Ne6.} Rfe8 29. Ne6 Rxe6 $1 30. fxe6 Qxe6 31. Rc2 Nxb2 32. Rxb2 Qxe4 33. Qb3+ Kh8 34. Qxb7 Qd3 35. Rbf2 ({White should try} 35. Re1 $1 $14 Bxc5 36. Qxc7 Bxa3 37. Rb3 Qxb3 38. Qxd8+ Kh7 39. Qa5) 35... Bxc5 {[%emt 0:00:43] The position is equal.} 36. Rf3 Qd6 37. a4 Bd4 38. Rd3 c5 39. Rg3 Rd7 40. Qa8+ Rd8 41. Qb7 {[%emt 0:30:04] Weighted Error Value: White=0.14 (very precise) /Black=0.08 (flawless) .  Mistake:       	White=3     	---        Inaccurate:     	White=3     	Black=4      OK:         	White=16    	Black=14     Best:        	---       	Black=4      Strong:       	---       	Black=1} 1/2-1/2

[Event "Prague Festival Masters 2024"]
[Site "Prague"]
[Date "2024.03.01"]
[Round "4.2"]
[White "Nguyen, Thai Dai Van"]
[Black "Praggnanandhaa R"]
[Result "1/2-1/2"]
[ECO "D38"]
[WhiteElo "2632"]
[BlackElo "2743"]
[Annotator "TA"]
[PlyCount "80"]
[EventDate "2024.02.22"]
[EventType "tourn"]
[EventCountry "CZE"]
[SourceTitle "playchess.com"]
[Source "ChessBase"]
[SourceQuality "1"]
[TimeControl "40/5400+30:1800+30"]

1. d4 Nf6 2. c4 e6 3. Nc3 Bb4 4. Qc2 d6 5. e3 O-O 6. Bd3 d5 7. Nf3 dxc4 8. Bxc4 b6 9. O-O Bb7 10. Bd3 c5 {[%emt 0:05:12] The position is equal.} 11. Ne4 Nxe4 12. Bxe4 Bxe4 13. Qxe4 Nd7 14. a3 Ba5 15. Qc2 Rc8 16. dxc5 bxc5 17. Rd1 Qc7 {[%emt 0:03:24] Repels Ne5} 18. b3 h6 {[%emt 0:07:15] Inhibits Ng5.} 19. Bb2 Qb7 20. Rac1 Bd8 21. Ne5 Nxe5 22. Bxe5 Be7 23. Qc3 f6 $1 24. Bd6 Rfd8 25. Bxe7 Rxd1+ 26. Rxd1 Qxe7 $14 {[%emt 0:00:02][%mdl 4096] Endgame. KQR-KQR} 27. h3 Rb8 28. Rd3 {[%emt 0:01:31] White is more active.} Rb7 29. Qc4 (29. Qc2 $16) 29... f5 30. e4 fxe4 31. Qxe4 Rd7 $1 32. Qa8+ Kh7 33. Qe4+ Kg8 34. Re3 Rd1+ 35. Kh2 Qd6+ (35... Rd2 $11) 36. g3 $16 Qd5 37. Qxe6+ Qxe6 38. Rxe6 Ra1 39. a4 c4 40. bxc4 Rxa4 {[%emt 0:00:05] Weighted Error Value: White=0.06 (flawless) /Black=0.07 (flawless) .  Mistake:       	White=1     	Black=1      Inaccurate:     	White=1     	Black=2      OK:         	White=13    	Black=15     Best:        	White=2     	Black=1      Strong:       	---       	Black=2} 1/2-1/2

[Event "Prague Festival Masters 2024"]
[Site "Prague"]
[Date "2024.03.01"]
[Round "4.3"]
[White "Navara, David"]
[Black "Maghsoodloo, Parham"]
[Result "1/2-1/2"]
[ECO "D24"]
[WhiteElo "2679"]
[BlackElo "2740"]
[Annotator "TA"]
[PlyCount "114"]
[EventDate "2024.02.22"]
[EventType "tourn"]
[EventCountry "CZE"]
[SourceTitle "playchess.com"]
[Source "ChessBase"]
[SourceQuality "1"]
[TimeControl "40/5400+30:1800+30"]

1. d4 Nf6 2. c4 e6 3. Nf3 d5 4. Nc3 dxc4 5. e4 b5 6. e5 {[%emt 0:00:09] D24: Queen's Gambit Accepted: 3 Nf3 Nf6 4 Nc3.} Nd5 7. Nxb5 Nb6 8. Be2 Nc6 9. O-O Be7 10. Qd2 Bb7 11. Rd1 Rb8 12. Qf4 O-O 13. Nc3 Nb4 14. Qg4 Kh8 15. Ng5 Qe8 16. Qh5 Bxg5 17. Bxg5 f5 18. exf6 gxf6 (18... Qxh5 $1 $14 19. Bxh5 (19. fxg7+ Kxg7 20. Bxh5 Rf5 $11) 19... gxf6) 19. Qxe8 $16 Rbxe8 20. Bf4 Re7 $146 ({Predecessor:} 20... Rc8 21. Rac1 Rg8 22. g3 N4d5 23. Bd2 Nxc3 24. bxc3 Bd5 25. Rb1 c5 26. Be3 Na4 {1-0 Andreikin,D (2729)-Maghsoodloo,P (2701) Titled Tuesday intern op 12th Jul Early blitz 2022 (10)}) 21. Bg3 Rd8 22. Rac1 Kg7 23. Nb5 Rdd7 ({Much worse is} 23... Nxa2 24. Ra1 Bc6 25. Bxc7 $16 (25. Nxc7 Nb4 $16)) 24. Bxc4 Ba6 25. Bf1 Nxa2 26. Rxc7 Bxb5 27. Rxd7 Bxd7 28. Ra1 Bc6 29. Rxa2 Bd5 30. Ra1 Nc4 31. b4 Rb7 32. Bd3 Nd2 33. f3 Nb3 34. Ra6 Nxd4 35. Bd6 e5 36. Bc5 Nb3 37. Bd6 (37. Rxa7 $2 {loses.} Nxc5 38. Rxb7+ Nxb7 $19) 37... Nd4 38. Kf2 Nc6 $1 39. b5 Nd4 40. Ra5 Nb3 41. Ra4 Nd4 42. f4 Nxb5 43. fxe5 Nxd6 44. exd6 Kf7 45. Bxh7 Ke6 46. Bg8+ Kxd6 47. Rd4 Rb5 48. h4 Ke5 49. Rxd5+ Rxd5 50. Bxd5 Kxd5 51. Ke3 (51. h5 $5 Ke6 $8 52. g4 $11) 51... Ke5 (51... f5 $5) 52. Kd3 f5 53. g3 $1 a5 54. Kc4 f4 55. gxf4+ Kxf4 56. Kb5 Kg4 57. Kxa5 Kxh4 1/2-1/2

[Event "Prague Festival Masters 2024"]
[Site "Prague"]
[Date "2024.03.01"]
[Round "4.4"]
[White "Rapport, Richard"]
[Black "Keymer, Vincent"]
[Result "1/2-1/2"]
[ECO "C68"]
[WhiteElo "2717"]
[BlackElo "2743"]
[Annotator "TA"]
[PlyCount "123"]
[EventDate "2024.02.22"]
[EventType "tourn"]
[EventCountry "CZE"]
[SourceTitle "playchess.com"]
[Source "ChessBase"]
[SourceQuality "1"]
[TimeControl "40/5400+30:1800+30"]

1. e4 e5 2. Nf3 Nc6 3. Bb5 a6 4. Bxc6 dxc6 5. O-O Bg4 6. h3 h5 7. d3 Qf6 8. Nbd2 {[%emt 0:00:08] [#]} g5 $1 9. hxg4 hxg4 {[%emt 0:00:06][%cal Of6h6] ( -> ...Qh6!)} 10. Re1 $1 gxf3 11. Qxf3 {[%emt 0:01:03] The position is equal.} Qxf3 12. Nxf3 f6 13. Be3 c5 14. Nd2 Bd6 15. a4 Ne7 16. Nb3 b6 17. a5 Nc6 18. c3 Kd7 19. g3 Kc8 20. Kg2 Kb7 21. Rh1 Rad8 22. Kf3 Be7 23. Ke2 Bd6 24. Kf3 Be7 $1 25. Ke2 Bd6 $1 26. g4 Ne7 27. Rh5 Ng6 28. axb6 cxb6 29. Nd2 a5 30. c4 Bc7 (30... Nf4+ $11 31. Bxf4 Rxh5 32. gxh5 exf4) 31. Rah1 $14 Nh4 32. Rxh8 Rxh8 33. Nb1 Ng6 34. Rh5 Kc6 ({Black should try} 34... Bd6 $1 $14) 35. Nc3 $16 Bd8 36. Nd5 Kd7 37. Kd1 {[%emt 0:03:16] White is much more active.} Rxh5 (37... Ke8 $142) 38. gxh5 {[%emt 0:00:04][%mdl 4096] Endgame. KBN-KBN} Nh8 39. Bd2 Nf7 {[%emt 0:00:26] [#]} 40. Ne3 $1 Be7 41. Kc2 Nh6 42. Kb3 Kc6 43. Nd5 Bd8 44. Ka4 Ng8 45. Kb3 Nh6 $1 46. Kc2 Kd7 47. Kd1 (47. Bc3 $16) 47... Ke6 (47... Nf7 $1 $11) 48. Ke2 Ng8 49. Kf3 Kf7 50. Ne3 Be7 51. Nd5 Bd8 52. Ne3 Be7 $1 53. Nf5 {[%emt 0:00:06] Against Nh6} Bf8 54. b3 Ke6 55. Bc1 Kf7 56. Ba3 Nh6 57. Nxh6+ Bxh6 {[%emt 0:00:01] White is slightly better.} 58. Kg4 Ke6 59. Bc1 Bg7 60. Be3 Bh6 61. Bd2 Bf8 62. Bc1 {[%emt 0:01:51] Black defended with fortune.   Weighted Error Value: White=0.13 (very precise) /Black=0.08 (flawless) .  Mistake:       	White=2     	Black=4      Inaccurate:     	White=3     	---        OK:         	White=23    	Black=23     Best:        	White=1     	Black=4      Strong:       	White=2     	Black=4} (62. Bc3 $14) 1/2-1/2

[Event "Prague Festival Masters 2024"]
[Site "Prague"]
[Date "2024.03.01"]
[Round "4.5"]
[White "Abdusattorov, Nodirbek"]
[Black "Gukesh D"]
[Result "1/2-1/2"]
[ECO "E11"]
[WhiteElo "2727"]
[BlackElo "2725"]
[Annotator "TA"]
[PlyCount "78"]
[EventDate "2024.02.22"]
[EventType "tourn"]
[EventCountry "CZE"]
[SourceTitle "playchess.com"]
[Source "ChessBase"]
[SourceQuality "1"]
[TimeControl "40/5400+30:1800+30"]

1. d4 Nf6 2. c4 e6 3. Nf3 d5 4. g3 Bb4+ 5. Bd2 Be7 6. Bg2 O-O 7. O-O c6 8. Qc2 Nbd7 9. Rc1 a5 10. a4 Re8 11. Be1 Bf8 12. Nbd2 e5 13. dxe5 Nxe5 14. Nxe5 Rxe5 15. cxd5 cxd5 (15... Nxd5 $11 {might be stronger.} 16. Nc4 Re6) 16. Nf3 Re8 17. Nd4 b6 18. e3 Ba6 {[%emt 0:01:34] [#]} 19. b4 $1 axb4 20. Qb2 Ne4 21. Bxe4 dxe4 22. Bxb4 Bxb4 23. Qxb4 Rc8 $1 24. Nf5 Qf6 25. Nd4 ({Don't go for} 25. Nd6 $2 Rc2 26. Rf1 (26. Nxe8 $2 Qxf2+ 27. Kh1 Qxh2#) (26. Nxe4 $2 Rxe4 27. Qe1 Rxc1 $19) 26... Bxf1 27. Rxf1 Re6 $19) 25... g6 26. Kg2 (26. Rcb1 {simplifies} Rc4 27. Qd2 Rc5 28. Rb3) 26... Bd3 {[%emt 0:02:08] Repels Rcb1} (26... h5 $5) 27. Rc3 Rxc3 28. Qxc3 Ra8 29. h4 h5 30. Rc1 {[%emt 0:00:55] And now Qb3 would win.} Ba6 $1 ({Reject} 30... Rxa4 $6 31. Qc8+ Kh7 32. Rc6 $18) 31. Qb3 Rc8 {[%emt 0:00:43] Prevents Rc6.} 32. Rxc8+ Bxc8 $11 {[%emt 0:00:07][%mdl 4096] Endgame. KQB-KQN} 33. Qd5 Qe7 (33... Bf5 {simplifies} 34. Kg1 Kg7 35. Nxf5+ gxf5 36. Qd1 Kg6) 34. Nc6 Qd7 {[%emt 0:02:31] The position is equal.} 35. Qc4 {[%emt 0:02:21] Active counter play!} (35. Qxe4 $2 {loses.} Bb7 36. f3 Bxc6 $19) 35... Qe6 {[%emt 0:00:50] Dodges Ne5} 36. Ne7+ Qxe7 37. Qxc8+ Kg7 38. Qc3+ Kg8 39. Kf1 Qe6 {[%emt 0:00:27] Weighted Error Value: White=0.05 (flawless) /Black=0.05 (flawless) .  Mistake:       	---       	Black=1      Inaccurate:     	White=1     	---        OK:         	White=10    	Black=11     Strong:       	---       	Black=2} 1/2-1/2

[Event "Prague Festival Masters 2024"]
[Site "Prague"]
[Date "2024.03.02"]
[Round "5.1"]
[White "Keymer, Vincent"]
[Black "Nguyen, Thai Dai Van"]
[Result "1/2-1/2"]
[ECO "D26"]
[WhiteElo "2743"]
[BlackElo "2632"]
[Annotator "TA"]
[PlyCount "96"]
[EventDate "2024.02.22"]
[EventType "tourn"]
[EventCountry "CZE"]
[SourceTitle "playchess.com"]
[Source "ChessBase"]
[SourceQuality "1"]
[TimeControl "40/5400+30:1800+30"]

1. d4 Nf6 2. c4 e6 3. Nf3 d5 4. Nc3 c5 5. e3 dxc4 6. Bxc4 a6 7. e4 b5 {[%emt 0:01:53] [#] Threatens to win with ...cxd4.} 8. Bb3 cxd4 9. Nxd4 Nbd7 10. Be3 Bb7 11. O-O Bb4 12. a4 O-O 13. axb5 axb5 14. Rxa8 Qxa8 15. f3 Qb8 16. Kh1 (16. Ndxb5 Ba6 17. Bc4 (17. Ba7 $2 Qb7 $19) 17... Bxc3 $19) (16. Nxe6 fxe6 17. Bxe6+ Kh8 18. Bxd7 Rd8 $17) 16... Bc5 17. Qe2 (17. Ncxb5 $2 {too greedy.} Ba6 18. Qd2 Bxb5 $19) 17... b4 18. Na4 Bd6 19. Qb5 Bxh2 {[%emt 0:03:59] [#]} 20. Nxe6 fxe6 21. Bxe6+ Kh8 $1 {[%emt 0:00:06][%cal Oh2f4] ...Bf4! is the strong threat.} 22. Bxd7 Nxd7 23. Qxd7 {[%emt 0:00:09] Strongly threatening Bd4.} Bxe4 24. Ba7 Bf5 {[%emt 0:06:00] A strong pair of Bishops.} ({But not} 24... Qg3 $2 25. Qe7 Qd6 26. Bc5 (26. Qxe4 Qh6 $15) 26... Qxe7 27. Bxe7 $18) (24... Qf4 {keeps more tension.} 25. Bd4 Rg8 26. fxe4 Qxf1+ 27. Kxh2 Qf4+) 25. Bxb8 Bxd7 26. Bxh2 Bxa4 $14 {[%emt 0:00:02][%mdl 4096] Endgame. KRB-KRB} 27. Rc1 b3 28. Rc7 Kg8 29. Rb7 Rf7 30. Rb4 Ra7 31. Bg1 Ra8 32. Bd4 Bc6 33. Rxb3 Rd8 34. Bc3 Rd7 35. Rb6 Bd5 36. Kh2 Rb7 37. Rd6 Bb3 38. g4 Kf7 39. Kg3 {[%emt 0:00:26] White is more active.} Be6 40. Rd8 Rd7 41. Rh8 h6 42. Be5 Rd5 43. f4 (43. Kf4 $14) 43... Rd3+ $11 {[%emt 0:00:00] The position is equal.} 44. Kh4 {[%emt 0:00:00] And now Rh7 would win.} Rd5 45. Kg3 Rd3+ $1 46. Kf2 {[%emt 0:00:00] aiming for Rh7.} Bxg4 47. Rh7 Rf3+ 48. Kg2 Rxf4 {[%emt 0:00:00] Weighted Error Value: White=0.06 (flawless) /Black=0.05 (flawless) .  Mistake:       	White=1     	---        Inaccurate:     	White=1     	Black=2      OK:         	White=24    	Black=20     Best:        	White=2     	Black=3      Strong:       	---       	Black=2} 1/2-1/2